 Dungeon Crawl Stone Soup version 0.32-a0-630-g46d191b0ed (webtiles) character file.

Game seed: 9196625816853699677

30 Esekla the Sneak (level 3, 23/26 HPs)
             Began as an Octopode Delver on Mar 7, 2024.
             Quit the game on level 5 of the Dungeon.
             The game lasted 00:01:16 (117 turns).

Esekla the Sneak (Octopode Delver)                   Turns: 117, Time: 00:01:17

Health: 23/26      AC:  1    Str: 11    XL:     3   Next: 18%
Magic:  3/4        EV: 13    Int: 14    God:
Gold:   10         SH:  0    Dex: 13    Spells: 3/3 levels left

rFire   . . .        a - +0 falchion
rCold   . . .        (no shield)
rNeg    . . .        (helmet restricted)
rPois   .            (no amulet)
rElec   .            (no ring)
rCorr   .            (no ring)
SInv    .            (no ring)
Will    .....        (no ring)
Stlth   ++++         (no ring)
HPRegen 0.24/turn    (no ring)
MPRegen 0.09/turn    (no ring)
                     (no ring)

%: no passive effects
@: no status effects
A: almost no armour, amphibious, 8 rings, camouflage 1, gelatinous body 1,
(nimble swimmer 1), tentacles
a: no special abilities


You were on level 5 of the Dungeon.
You visited 1 branch of the dungeon, and saw 1 of its levels.

You collected 10 gold pieces.

Inventory:

Hand Weapons
 a - a +0 falchion (weapon)
Wands
 f - a wand of digging (3)
Scrolls
 b - a scroll of fog
 c - a scroll of poison {unknown}
 h - 2 scrolls of blinking {unknown}
Potions
 e - a potion of haste
 g - a potion of heal wounds {unknown}


   Skills:
 * Level 3.2 Fighting
 + Level 2.1 Long Blades
 * Level 2.2 Dodging
 + Level 7.2 Stealth
 * Level 0.6 Spellcasting


You had 3 spell levels left.
You didn't know any spells.
Your spell library was empty.

Dungeon Overview and Level Annotations

Branches:
Dungeon (5/15)
 Temple: D:4-7

Altars:
Elyvilon
Hepliaklqana
Nemelex Xobeh
Okawaru
Wu Jian

Annotations:
D:5 Dowan, Duvessa


Innate Abilities, Weirdness & Mutations

You cannot wear most types of armour.
You are amphibious.
You can wear up to eight rings at the same time.
Your skin changes colour to match your surroundings (Stealth+).
Your rubbery body absorbs attacks. (AC +1, EV +1)
((You are camouflaged when in or above water. (Stealth+)))
You have tentacles for arms and can constrict up to eight enemies at once.


Message History

Duvessa shouts!
Dowan looks frightened!
You hear a shout!
A hound comes into view.
Dowan casts a spell.
Dowan blinks!
A sleepcap comes into view.
Dowan cries in horror.
Dowan casts a spell.
Dowan blinks!
Dowan cries in horror.
Dowan mumbles some strange words.
Dowan blinks!
You barely miss the hound. You grab the hound. You constrict the hound.
The hound bites you.
You hit the hound but do no damage. Your squeeze misses the hound.
The hound is moderately wounded.
You constrict the hound. The hound bites you. x2
You hit the hound. Your squeeze misses the hound.
The hound is severely wounded.
You constrict the hound. The hound completely misses you.
The hound barely misses you.
You hit the hound.
You kill the hound!
Your Stealth skill increases to level 7!
You have reached level 2!
You have reached level 3!
Your experience leads to an increase in your attributes!
Increase (S)trength, (I)ntelligence, or (D)exterity?
You feel clever. x2
Found a stone staircase leading up.
You open the door.
A white imp and a jelly come into view.
An adder comes into view.
There is an open door here.
You close the door.
Found an ornate altar of the Wu Jian Council.
Found a white marble altar of Elyvilon.
Found a hazy altar of Hepliaklqana and a sparkling altar of Nemelex Xobeh.
Are you sure you want to abandon this character and quit the game? (Confirm with "yes".)

****** *,,,,* ### *,,,,*
##*####.###,,,,*
*******#_.#._#.#..,,,,*
***,,,,,,#.....#.#.#***,*
*,,>,,,,,*#.~P.@.#.# *,*
***,,,***#.....#.#.# *,*
*,*,,,,#_.#._#...##**+##**
*,*,***##*####.#..##....,*
*,,,,,*,*,,**#.#........,*****
*****,*,.,,*,..#.##.....,,,,,,
*,**#.##+###.#*..###***##,
*,**#.....S#.#**...,,,.<#,
*,,,...J...#.# **..##*..##


There were no monsters in sight!

Vanquished Creatures
  A hound (D:5)
1 creature vanquished.

Notes
Turn   | Place    | Note
-------+----------+-------------------------------------------
     0 | D:5      | Esekla the Octopode Delver began the quest for the Orb.
     0 | D:5      | Reached XP level 1. HP: 16/16 MP: 1/1
     6 | D:5      | Found an iron altar of Okawaru.
    19 | D:5      | Noticed an iguana
    40 | D:5      | Noticed an iguana
    40 | D:5      | Noticed a jelly
    76 | D:5      | Noticed Duvessa
    76 | D:5      | Noticed Dowan
    78 | D:5      | Noticed a hound
    78 | D:5      | Noticed a sleepcap
    84 | D:5      | Killed a hound
    85 | D:5      | Reached skill level 7 in Stealth
    85 | D:5      | Reached XP level 2. HP: 12/21 MP: 1/3
    85 | D:5      | Reached XP level 3. HP: 16/26 MP: 1/4
   112 | D:5      | Found an ornate altar of the Wu Jian Council.
   114 | D:5      | Found a white marble altar of Elyvilon.
   116 | D:5      | Found a hazy altar of Hepliaklqana.
   116 | D:5      | Found a sparkling altar of Nemelex Xobeh.
   117 | D:5      | Quit the game

Illustrated notes

Levels and vault maps discovered:
D:5:      layout_basic, mainiacjoe_overflow_alcove_3, okawaru_metal_pillars_1_2,
          serial_library_hellmonk_big_corner, uniq_duvessa

Skill      XL: |  1 |
---------------+----+-----
Stealth        | 7 |  7.2
Fighting       | |  3.2
Long Blades    | |  2.1
Dodging        | |  2.2
Spellcasting   | |  0.6

Action                     || total
---------------------------++-------
  Melee: Falchion          ||     4
         Constrict         ||     1
    Use: Scroll            ||     2
 Armour: Skin              ||     4
  Dodge: Dodged            ||     2

Table legend: (Time is in decaauts)
 A = Elapsed time spent in this place.
 B = Non-inter-level travel time spent in this place.
 C = Inter-level travel time spent in this place.
 D = Time resting spent in this place.
 E = Time spent auto-exploring this place.
 F = Levels seen in this place.
 G = Mean time per level.
                   A        B        C        D        E       F      G
               +--------+--------+--------+--------+--------+-----+--------+
         Total |    117 |    117 |      0 |      0 |      0 |   1 |  117.0 |
       Dungeon |    117 |    117 |      0 |      0 |      0 |   1 |  117.0 |
               +--------+--------+--------+--------+--------+-----+--------+

Top non-repeatable levels by time:
     D:5: 117 daAuts
